cohdb
Replays
Latest Replays
All Replays
Popular Replays
Top Player Replays
Match Explorer
How It Works
Community
CoH3 Stats
Reddit
Sign in to upload your games and track your stats! →
Sign in with Steam
Match 44831655
Unlisted
Match 44831655
Overview
Messages
Build Orders
End
Construct Infanterie Kompanie
Grenadier Squad
Grenadier Squad
Selects Mechanized Battlegroup
Grenadier Squad
Construct Panzergrenadier Kompanie
Construct Panzergrenadier Kompanie
Medical Bunker
Selects Raid Package
Construct Panzer Kompanie
Panzergrenadier Squad
Selects StuG Assault Group
Solimanator
Bombardilo Crocodilo
Shark
Dromok
Serial Chiller
amird100
florianmellado974
小蛇
0
0
Comments
sign in to comment!
No comments posted yet!